 Dungeon Crawl Stone Soup version 0.31-a0-835-g2a3a5bc3be (webtiles) character file.

Game seed: 18099310137784998160

4 Bnni the Digger (level 1, -1/13 HPs)
             Began as a Formicid Earth Elementalist on Sept 26, 2023.
             Slain by a kobold
             ... wielding a +1 whip of electrocution
              (4 damage)
             ... on level 1 of the Dungeon.
             The game lasted 00:00:33 (160 turns).

Bnni the Digger (Formicid Earth Elementalist)        Turns: 160, Time: 00:00:33

Health: -1/13      AC:  2    Str: 12    XL:     1   Next: 77%
Magic:  0/3        EV: 12    Int: 14    God:
Gold:   27         SH:  0    Dex: 14    Spells: 3/4 levels left

rFire   . . .        c - +0 short sword
rCold   . . .        (no shield)
rNeg    . . .        a - +0 robe
rPois   .            (helmet unavailable)
rElec   .            (no cloak)
rCorr   .            (no gloves)
SInv    +            (no boots)
Will    .....        (no amulet)
Stlth   ++           (no ring)
HPRegen 0.22/turn    (no ring)
MPRegen 0.08/turn

%: no passive effects
@: no status effects
A: permanent stasis, dig shafts and tunnels, antennae 3, four strong arms
a: Dig, Shaft Self


You were on level 1 of the Dungeon.
You visited 1 branch of the dungeon, and saw 1 of its levels.

You collected 27 gold pieces.

Inventory:

Hand Weapons
 c - a +0 short sword (weapon)
Armour
 a - a +0 robe (worn)
Potions
 b - a potion of magic


   Skills:
 + Level 0.3 Fighting
 - Level 1.7 Dodging
 - Level 2.4 Stealth
 + Level 2.2 Spellcasting
 * Level 0.3 Conjurations
 - Level 1.1 Transmutations
 * Level 3.8 Earth Magic


You had 3 spell levels left.
You knew the following spells:

 Your Spells              Type           Power      Damage    Failure   Level
a - Sandblast             Erth           24%        2d8       4%          1

Your spell library contained the following spells:

 Spells                   Type           Power      Damage    Failure   Level
 Passwall                 Tmut/Erth      6%         N/A       13%         2
 Stone Arrow              Conj/Erth      14%        3d7       30%         3
 Petrify                  Tmut/Erth      8%         N/A       63%         4
 Brom's Barrelling Bould  Conj/Erth      7%         2d3       69%         4


Dungeon Overview and Level Annotations

Branches:
Dungeon (1/15)

Altars:


Innate Abilities, Weirdness & Mutations

You cannot be hasted, slowed, berserked, paralysed or teleported.
You can dig through walls and to a lower floor.
You have a pair of large antennae on your head. (SInv)
Your four strong arms can wield two-handed weapons with a shield.


Message History

A kobold is nearby! 2 kobolds come into view.
A kobold is wielding a +1 whip of electrocution.
The kobold shouts! x2
A kobold comes into view. It is wielding a +0 dagger.
You hear an angry hiss.
A kobold comes into view. It is wielding a +0 whip.
The kobold moves out of view.
Aiming: Sandblast (safe; 4% risk of failure)
Press: ? - help, Q - select action, (/) - cycle Shift-Dir - straight line, f - kobold
Aim: a kobold, wielding a +0 dagger (77% to hit)
The blast of sand hits the kobold.
The kobold is severely wounded.
The kobold shouts!
You hear an angry hiss.
Aiming: Sandblast (safe; 4% risk of failure)
Press: ? - help, Q - select action, (/) - cycle Shift-Dir - straight line, f/p - kobold
Aim: a kobold, wielding a +0 dagger (severely wounded, 77% to hit)
The blast of sand hits the kobold!
You kill the kobold!
The kobold shouts!
The kobold hits the bush but does no damage.
Lightning courses through the bush!
Aiming: Sandblast (safe; 4% risk of failure)
Press: ? - help, Q - select action, (/) - cycle Shift-Dir - straight line, f - kobold
Aim: a kobold, wielding a +0 dagger (77% to hit)
The blast of sand hits the kobold.
You kill the kobold!
Unknown command.
You don't have enough magic to cast this spell.
Unknown command.
Unknown command.
The kobold hits the plant with a +0 whip.
The plant begins to die.
The kobold hits you but does no damage.
You are electrocuted!
Ouch! That really hurt!
* * * LOW HITPOINT WARNING * * *
The kobold attacks as it pursues you!
The kobold hits you with a +1 whip of electrocution.
You die... #...§...P ♣.....÷~ #P.....P PP...P PP)P

##K## ###### ##...## #....
.#
##....K#######..####.###
#......K.K@..#..#...[..###
##.....#####......##.....#
##...## ###..##.......#
##.## #...........# #.#
##......#)..# #.####
#######.......# #....#
#...............
####.####...............
#.##...~~~≈≈~~~~~~≈≈~


You could see 3 kobolds.

Vanquished Creatures
  A hobgoblin (D:1)
  3 kobolds (D:1)
  A bat (D:1)
5 creatures vanquished.

Notes
Turn   | Place    | Note
-------+----------+-------------------------------------------
     0 | D:1      | Bnni the Formicid Earth Elementalist began the quest for
                  | the Orb.
     0 | D:1      | Reached XP level 1. HP: 13/13 MP: 3/3
   160 | D:1      | Slain by a kobold

Illustrated notes

Levels and vault maps discovered:
D:1:      dpeg_arrival_castle, layout_loops_cross,
          hellmonk_ecumenical_altar_lost_god, lexackson_kobold_supper

Action                     || total
---------------------------++-------
  Melee: Unarmed           ||     2
   Cast: Sandblast         ||     7
 Armour: Robe              ||     4
  Dodge: Dodged            ||     1

Table legend: (Time is in decaauts)
 A = Elapsed time spent in this place.
 B = Non-inter-level travel time spent in this place.
 C = Inter-level travel time spent in this place.
 D = Time resting spent in this place.
 E = Time spent auto-exploring this place.
 F = Levels seen in this place.
 G = Mean time per level.
                   A        B        C        D        E       F      G
               +--------+--------+--------+--------+--------+-----+--------+
         Total |    164 |    164 |      0 |      0 |    128 |   1 |  164.0 |
       Dungeon |    164 |    164 |      0 |      0 |    128 |   1 |  164.0 |
               +--------+--------+--------+--------+--------+-----+--------+

Top non-repeatable levels by time:
     D:1: 164 daAuts
